 Dungeon Crawl Stone Soup version 0.27-a0-1448-g9c78c815f3 (webtiles) character file.

Game seed: 7089490685967674617

72 27snakeeyes612 the Shield-Bearer (level 4, -1/29 HPs)
             Began as a Gargoyle Fighter on July 5, 2021.
             Slain by Sigmund (4 damage)
             ... on level 3 of the Dungeon.
             The game lasted 00:02:01 (1997 turns).

27snakeeyes612 the Shield-Bearer (Gargoyle Fighter) Turns: 1997, Time: 00:02:01

Health: -1/29      AC:  3    Str: 21    XL:     4   Next: 26%
Magic:  4/4        EV:  9    Int:  6    God:
Gold:   60         SH:  0    Dex:  9    Spells: 3/3 levels left

rFire    . . .     SeeInvis .   a - +0 flail
rCold    . . .     Faith    .   c - +0 kite shield
rNeg     + . .     Spirit   .   (no armour)
rPois    ∞         Reflect  .   (no helmet)
rElec    +         Harm     .   (no cloak)
rCorr    .         Rampage  .   (no gloves)
Will     .....     Rnd*Rage +   (no boots)
Stlth    +.........             (no amulet)
HPRegen  0.09/turn              (no ring)
MPRegen  0.09/turn              (no ring)

@: confused
A: sickness immunity, AC +3, negative energy resistance 1, electricity
resistance, torment resistance 1, petrification resistance, berserk 1, dopey 1
a: no special abilities


You were on level 3 of the Dungeon.
You visited 1 branch of the dungeon, and saw 3 of its levels.

You collected 60 gold pieces.

Inventory:

Hand Weapons
 a - a +0 flail (weapon)
Armour
 b - a +0 scale mail
 c - a +0 kite shield (worn)
 d - the +11 chain mail of the Armadillo {Rampage rF+}
   (You acquired it on level 3 of the Dungeon)

   rF:        It protects you from fire.
   Rampage:   It bestows one free step when moving towards enemies.
Jewellery
 j - a ring of magical power
Scrolls
 l - a scroll of identify
 m - a scroll of holy word


   Skills:
 + Level 3.8 Fighting
 + Level 2.7 Maces & Flails
 + Level 3.9 Armour
 + Level 4.0 Shields


You had 3 spell levels left.
You didn't know any spells.
Your spell library was empty.

Dungeon Overview and Level Annotations

Branches:
Dungeon (3/15)

Altars:

Annotations:
D:3 Sigmund, Terence


Innate Abilities, Weirdness & Mutations

You are immune to sickness and miasma.
Your stone body is resilient. (AC +3)
You are immune to poison.
You resist negative energy. (rN+)
You are resistant to electric shocks. (rElec)
You are resistant to unholy torment.
You are immune to petrification.
You tend to lose your temper in combat.
You are dopey. (Int -2)


Message History

Something barely misses you.
You hear some strange, mumbled words.
Something tries to affect you, but you resist.
Something closely misses you. Something barely misses you.
Something closely misses you. Something hits you.
You feel a little less mighty now. Something hits you but does no damage.
You hear a zap.
The now-empty wand crumbles to dust.
Something closely misses you.
You stop sporulating.
Your +0 flail unmelds from your body.
Your +0 kite shield unmelds from your body.
Your +0 scale mail unmelds from your body.
Something hits you but does no damage. Something hits you but does no damage.
You hear the quick rusting of a drain nearby.
You feel better. Something hits you. Something hits you but does no damage.
Keep disrobing?
You start removing your armour.
You continue taking off your +0 scale mail.
Something hits you but does no damage.
You continue taking off your +0 scale mail.
Something hits you.
* * * LOW HITPOINT WARNING * * *
You continue taking off your +0 scale mail.
Something hits you.
* * * LOW HITPOINT WARNING * * *
You continue taking off your +0 scale mail.
You hear some strange, mumbled words.
You are confused.
You finish taking off your +0 scale mail.
You bump into the rock wall.
You hear some strange, mumbled words.
You are more confused.
You bump into the rock wall.
Something hits you.
You die...

##### ###
#@{.#######
##..
#.#.@.....#
#...
#.#######.#
#.#.### #.#
#.#####.# ..#
#@# #.......#
#.# #.#
######..###.#
#...# ###
#.........
#.... ..#
#.#####...
#.##.. #.#
#.# #[.#. #.
#.# #.##>.#
#.###


You could see Terence.

Vanquished Creatures
  3 adders
  A worm (D:2)
  4 endoplasms
  3 giant cockroaches
  2 goblins
  3 hobgoblins (D:1)
  12 jackals
  4 ball pythons
  A bat (D:3)
  A frilled lizard (D:2)
  A kobold (D:1)
  4 rats
39 creatures vanquished.

Notes
Turn   | Place    | Note
-------+----------+-------------------------------------------
     0 | D:1      | 27snakeeyes612 the Gargoyle Fighter began the quest for the
                  | Orb.
     0 | D:1      | Reached XP level 1. HP: 14/14 MP: 1/1
    95 | D:1      | Reached XP level 2. HP: 19/19 MP: 2/2
   377 | D:1      | You fall into a shaft and drop 1 floor!
   559 | D:2      | Reached XP level 3. HP: 20/23 MP: 3/3
  1580 | D:3      | Reached XP level 4. HP: 17/29 MP: 4/4
  1796 | D:3      | Reached skill level 4 in Shields
  1914 | D:3      | Noticed Sigmund
  1914 | D:3      | Noticed Terence
  1926 | D:3      | Gained mutation: You tend to lose your temper in combat.
                  | [potion of mutation]
  1926 | D:3      | Gained mutation: You are dopey. (Int -2) [potion of
                  | mutation]
  1927 | D:3      | Identified a scroll of acquirement
  1927 | D:3      | Acquired the +11 chain mail of the Armadillo {Rampage rF+}
  1997 | D:3      | Slain by Sigmund

Illustrated notes

Levels and vault maps discovered:
D:1:      lightli_arrival_noodles, layout_basic
D:2:      layout_basic, serial_forest, infiniplex_forest_straight_1,
          infiniplex_forest_straight_3, infiniplex_forest_clump_medium,
          infiniplex_forest_lined_room_3, infiniplex_forest_lined_2,
          skrybe_limestone_x
D:3:      layout_rooms, gup_sewer_entry_spiral, uniq_terence, uniq_sigmund

Skill      XL: |  1  2  3  4 |
---------------+-------------+-----
Shields        | 4 |  4.0
Fighting       | |  3.8
Maces & Flails | |  2.7
Armour         | |  3.9

Action                   |  1- 3 |  4- 6 || total
-------------------------+-------+-------++-------
Melee: Flail             |   116 |    24 ||   140
  Use: Potion            |       |     5 ||     5
       Scroll            |       |     4 ||     4
Armor: Scale mail        |    62 |    21 ||    83
       Skin              |       |     6 ||     6
Dodge: Dodged            |    42 |    24 ||    66
Block: Kite shield       |    79 |    13 ||    92

Table legend: (Time is in decaauts)
 A = Elapsed time spent in this place.
 B = Non-inter-level travel time spent in this place.
 C = Inter-level travel time spent in this place.
 D = Time resting spent in this place.
 E = Time spent auto-exploring this place.
 F = Levels seen in this place.
 G = Mean time per level.
                   A        B        C        D        E       F      G
               +--------+--------+--------+--------+--------+-----+--------+
         Total |   2052 |   2025 |     27 |    199 |   1439 |   3 |  684.0 |
       Dungeon |   2052 |   2025 |     27 |    199 |   1439 |   3 |  684.0 |
               +--------+--------+--------+--------+--------+-----+--------+

Top non-repeatable levels by time:
     D:2: 1181 daAuts
     D:3: 466 daAuts
     D:1: 405 daAuts
